[Event "Titled Tuesday Blitz March 07 Early 2023"]
[White "Bews, Steven"]
[Black "Bozorov, Makhsum"]
[WhiteFideId "2400529"]
[BlackFideId "14201330"]
[WhiteElo "2590"]
[BlackElo "2464"]
[Result "1/2-1/2"]
[Round "07"]
[TimeControl "180+2"]
[Date "2023.03.07"]
[WhiteClock "0:02:09"]
[BlackClock "0:02:14"]

1. e4 c5 2. Nf3 d6 3. d4 cxd4 4. Nxd4 Nf6 5. Nc3 a6 6. Bg5 e6 7. f4 Be7 8. Qf3 Qc7 9. O-O-O Nbd7 10. Bd3 h6 11. Bh4 b5 12. Rhe1 Bb7 13. Qg3 g5 14. fxg5 Nh5 15. Qg4 hxg5 16. Bxg5 Ne5 17. Qh4 Ng6 18. Qg4 Ne5 19. Qh4 Ng6 20. Qg4 Ne5 1/2-1/2


[Site "https://www.chess.com"]

[Event "Titled Tuesday Blitz March 07 Early 2023"]
[White "Sreyas Payyappat"]
[Black "Chylewski, Patryk"]
[WhiteFideId "46674969"]
[BlackFideId "1186191"]
[WhiteElo "2083"]
[BlackElo "2163"]
[Result "0-1"]
[Round "07"]
[TimeControl "180+2"]
[Date "2023.03.07"]
[WhiteClock "0:00:02"]
[BlackClock "0:01:29"]

1. e4 c5 2. Nf3 e6 3. d4 cxd4 4. Nxd4 Nc6 5. Nc3 Qc7 6. Be3 a6 7. Bd3 Nf6 8. O-O Ne5 9. h3 d6 10. Qe2 Be7 11. f4 Nxd3 12. Qxd3 O-O 13. g4 b5 14. g5 Nd7 15. f5 b4 16. fxe6 bxc3 17. exf7+ Rxf7 18. Ne6 Qc6 19. Qd4 Ne5 20. Rxf7 Kxf7 21. Nf4 cxb2 22. Rf1 Kg8 23. Qxb2 Qxe4 24. Qb3+ Qc4 25. Nd5 Bf8 26. Qb6 Qxd5 27. Qd8 Nf3+ 28. Kg2 Bxh3+ 29. Kxh3 Rxd8 0-1


[Site "https://www.chess.com"]

[Event "Titled Tuesday Blitz March 07 Early 2023"]
[White "Djokovic, Nebojsa"]
[Black "Gonzalez, Francisco Silva"]
[WhiteFideId "938300"]
[BlackFideId "1512285"]
[WhiteElo "2584"]
[BlackElo "2074"]
[Result "0-1"]
[Round "07"]
[TimeControl "180+2"]
[Date "2023.03.07"]
[WhiteClock "0:00:07"]
[BlackClock "0:01:42"]

1. e4 e5 2. Nf3 Nc6 3. Bb5 a6 4. Ba4 Nf6 5. O-O b5 6. Bb3 Bc5 7. Nc3 d6 8. Nd5 Bg4 9. Nxf6+ Qxf6 10. Bd5 Nd4 11. Bxa8 Nxf3+ 12. Kh1 Ke7 13. d4 Bxd4 14. Bd5 Nxh2 15. f3 Nxf1 16. Qe1 Bxf3 17. c3 Bb6 18. Bd2 Nxd2 19. Qg3 Qh6+ 20. Qh2 Bxe4 21. Bxe4 Nxe4 22. g4 Nf2+ 23. Kg2 Qxh2+ 24. Kxh2 Nxg4+ 25. Kh3 f5 26. Rf1 g6 27. Kh4 Kf6 28. c4 h5 29. cxb5 Bf2+ 30. Kh3 axb5 31. b3 c5 32. a4 bxa4 33. bxa4 g5 34. a5 e4 35. a6 Ra8 36. Ra1 c4 37. Ra5 c3 38. Ra2 Be3 39. Kg2 Bd2 40. Kf1 Rxa6 41. Rxa6 c2 42. Rxd6+ Ke5 43. Rxd2 c1=Q+ 44. Ke2 Qxd2+ 45. Kxd2 f4 46. Ke2 f3+ 47. Kf1 e3 48. Kg1 e2 49. Kh1 Kd6 50. Kg1 Kc7 51. Kh1 Kb8 52. Kg1 h4 53. Kh1 h3 54. Kg1 e1=B 55. Kh1 Bg3 56. Kg1 f2+ 57. Kh1 f1=R# 0-1


[Site "https://www.chess.com"]

[Event "Titled Tuesday Blitz March 07 Early 2023"]
[White "Moksh Amit Doshi"]
[Black "Aarav Dengla"]
[WhiteFideId "25064967"]
[BlackFideId "45059756"]
[WhiteElo "2297"]
[BlackElo "2285"]
[Result "0-1"]
[Round "07"]
[TimeControl "180+2"]
[Date "2023.03.07"]
[WhiteClock "0:00:08"]
[BlackClock "0:00:21"]

1. d4 d5 2. c4 e6 3. Nf3 a6 4. g3 dxc4 5. Bg2 Nc6 6. O-O Rb8 7. e4 Nf6 8. Nc3 Be7 9. Qe2 b5 10. Rd1 O-O 11. d5 exd5 12. e5 d4 13. exf6 Bxf6 14. Ne4 Be7 15. b3 d3 16. Qd2 f5 17. Nc3 Bf6 18. Rb1 b4 19. Na4 c3 20. Qxd3 Qxd3 21. Rxd3 c2 22. Rb2 Bxb2 23. Nxb2 Bb7 24. Rd2 f4 25. Rxc2 fxg3 26. hxg3 h6 27. Bf4 Ne7 28. Bxc7 Rbc8 29. Nd4 Bxg2 30. Kxg2 Nf5 31. Be5 Nxd4 32. Rxc8 Rxc8 33. Bxd4 Rc1 34. Na4 Rc2 35. Bb2 Kf7 36. Kf3 h5 37. Ke3 g5 38. Kf3 Kg6 39. Bd4 Rxa2 40. Nc5 a5 41. Ke4 h4 42. gxh4 gxh4 43. f4 h3 44. f5+ Kf7 45. Be5 Re2+ 46. Kf4 Rxe5 0-1


[Site "https://www.chess.com"]

[Event "Titled Tuesday Blitz March 07 Early 2023"]
[White "Postnikov, Artem"]
[Black "Shapiro, Viktor"]
[WhiteFideId "34153575"]
[BlackFideId "4175700"]
[WhiteElo "2243"]
[BlackElo "2152"]
[Result "0-1"]
[Round "07"]
[TimeControl "180+2"]
[Date "2023.03.07"]
[WhiteClock "0:00:02"]
[BlackClock "0:00:11"]

1. d4 Nf6 2. c4 c5 3. d5 e6 4. Nc3 exd5 5. cxd5 Bd6 6. Nf3 Bc7 7. e4 d6 8. Bd3 O-O 9. O-O a6 10. a4 Re8 11. Bf4 Nbd7 12. Re1 Nf8 13. e5 dxe5 14. Bxe5 Bg4 15. d6 Bxd6 16. Bxd6 Rxe1+ 17. Qxe1 Qxd6 18. Rd1 Qf4 19. Qe3 Qb4 20. Ne4 Nxe4 21. Qxe4 Re8 22. Qxb4 cxb4 23. Bc4 Be6 24. Bxe6 Nxe6 25. g3 Nc5 26. a5 f6 27. Rd4 Nb3 28. Rxb4 Nxa5 29. Rb6 Re7 30. Nd4 Rd7 31. Ne6 Nc4 32. Rb4 b5 33. b3 Ne5 34. Nc5 Rd1+ 35. Kg2 Ra1 36. Rd4 Ra2 37. Rd8+ Kf7 38. Ra8 a5 39. Ra7+ Kg6 40. Ne6 Nd3 41. Rxg7+ Kf5 42. Nd4+ Ke4 43. Nxb5 Rxf2+ 44. Kh3 Rb2 45. Ra7 Nf2+ 46. Kh4 Rxb3 47. Rxa5 Nd3 48. Nd6+ Ke3 49. Nf5+ Kf2 50. Ra2+ Kg1 51. h3 Nf2 52. Ra1+ Kg2 53. Ra2 Rf3 54. Ra5 Nxh3 55. Ra2+ Nf2 56. Nd4 Rxg3 57. Kh5 Rh3# 0-1


[Site "https://www.chess.com"]

[Event "Titled Tuesday Blitz March 07 Early 2023"]
[White "Mikhalsky, Vladimir"]
[Black "Sekar, B"]
[WhiteFideId "14144352"]
[BlackFideId "5043743"]
[WhiteElo "2272"]
[BlackElo "2258"]
[Result "0-1"]
[Round "07"]
[TimeControl "180+2"]
[Date "2023.03.07"]
[WhiteClock "0:00:01"]
[BlackClock "0:00:10"]

1. d4 Nf6 2. c4 e6 3. Nf3 d5 4. g3 dxc4 5. Bg2 c5 6. O-O Nc6 7. Qa4 Bd7 8. dxc5 Bxc5 9. Qxc4 Be7 10. Rd1 Rc8 11. Nc3 O-O 12. Be3 Na5 13. Qd3 Nc4 14. Bc1 Qc7 15. b3 Nb6 16. Bb2 Rfd8 17. Nb5 Bxb5 18. Qxb5 Qc2 19. Rxd8+ Rxd8 20. Bd4 Rd5 21. Qd3 Qxd3 22. exd3 Bc5 23. Bxc5 Rxc5 24. Nd4 Nfd5 25. a3 a6 26. b4 Rc3 27. Bf1 Kf8 28. Kg2 Ke7 29. Nf3 f6 30. Nd2 Rc2 31. Ne4 Na4 32. Kf3 f5 33. Ng5 h6 34. Nh3 g5 35. g4 Nac3 36. Ng1 Nf4 37. gxf5 exf5 38. d4 Ne4 39. h4 Rxf2+ 40. Ke3 Nd5+ 41. Kd3 Rd2+ 42. Kc4 Kd6 43. Kb3 Rxd4 44. Nf3 Nd2+ 45. Nxd2 Rxd2 46. hxg5 hxg5 47. b5 axb5 48. Bxb5 g4 49. Rh1 f4 50. Rh6+ Ke5 51. Bd7 Nf6 52. Rxf6 Kxf6 53. Bxg4 f3 54. Kc3 Rf2 55. Kd3 Kg5 0-1


[Site "https://www.chess.com"]

[Event "Titled Tuesday Blitz March 07 Early 2023"]
[White "Borrmann, Laurenz"]
[Black "Golubev, Mikhail"]
[WhiteFideId "312187930"]
[BlackFideId "14100983"]
[WhiteElo "2312"]
[BlackElo "2374"]
[Result "0-1"]
[Round "07"]
[TimeControl "180+2"]
[Date "2023.03.07"]
[WhiteClock "0:00:21"]
[BlackClock "0:00:49"]

1. e4 c5 2. Bc4 e6 3. Nc3 Nf6 4. e5 d5 5. exf6 dxc4 6. fxg7 Bxg7 7. Nf3 b6 8. Qe2 Bb7 9. Qxc4 Nc6 10. Qg4 Rg8 11. O-O Qd7 12. d3 O-O-O 13. Qh3 Nd4 14. Nxd4 Bxd4 15. Ne4 f5 16. Ng3 h5 17. Be3 h4 18. Qxh4 Qc6 19. f3 Bxe3+ 20. Kh1 Rh8 21. Qc4 Rxh2+ 22. Kxh2 Rh8+ 23. Nh5 Rxh5+ 24. Kg3 Qc7+ 25. f4 Qg7# 0-1


[Site "https://www.chess.com"]

[Event "Titled Tuesday Blitz March 07 Early 2023"]
[White "Shevtchenko, Olesya"]
[Black "Gabdrakhmanov, Azat"]
[WhiteFideId "24131890"]
[BlackFideId "34189197"]
[WhiteElo "2003"]
[BlackElo "2266"]
[Result "0-1"]
[Round "07"]
[TimeControl "180+2"]
[Date "2023.03.07"]
[WhiteClock "0:00:01"]
[BlackClock "0:00:10"]

1. h4 e5 2. h5 Nc6 3. e4 Nf6 4. h6 gxh6 5. d3 d5 6. exd5 Qxd5 7. Nc3 Bb4 8. Bxh6 Bg4 9. Qd2 Bxc3 10. bxc3 O-O-O 11. Bg7 Ne4 12. Qe3 Nxc3 13. Bxh8 Rxh8 14. Ne2 Bxe2 15. Bxe2 Nd4 16. Bd1 Kb8 17. Qg3 a6 18. Qg7 Re8 19. Rxh7 e4 20. Rh8 Rxh8 21. Qxh8+ Ka7 22. dxe4 Qxe4+ 23. Kf1 Nxd1 24. Kg1 Nc3 25. Kh1 Nce2 26. c3 Nf5 27. Qh2 Qd3 28. Re1 Nxc3 0-1


[Site "https://www.chess.com"]

[Event "Titled Tuesday Blitz March 07 Early 2023"]
[White "Staudenhocker43"]
[Black "Pinheiro, Iung Alicio de O."]
[BlackFideId "2104350"]
[WhiteElo "2432"]
[BlackElo "2283"]
[Result "1/2-1/2"]
[Round "07"]
[TimeControl "180+2"]
[Date "2023.03.07"]
[WhiteClock "0:00:17"]
[BlackClock "0:00:24"]

1. Nf3 d5 2. d4 e6 3. c4 h6 4. g3 Nf6 5. Bg2 Bb4+ 6. Nbd2 Be7 7. O-O O-O 8. b3 c5 9. dxc5 Bxc5 10. Bb2 Nc6 11. Rc1 d4 12. a3 a5 13. Qc2 e5 14. Ne1 Qe7 15. Ra1 Bg4 16. f3 Bh5 17. Nd3 Bg6 18. Ne4 Bxe4 19. fxe4 Ng4 20. Bc1 Rad8 21. Bh3 Ne3 22. Bxe3 dxe3 23. Qb2 Bd4 24. Qa2 Bxa1 25. Qxa1 Nd4 26. Qb2 b6 27. Kg2 Qd6 28. Bg4 g6 29. b4 axb4 30. axb4 Ra8 31. c5 bxc5 32. bxc5 Qe7 33. h4 h5 34. Bf3 Rfb8 35. Qc1 Rb3 36. Qxe3 Ra2 37. Rf2 Rc3 38. Qh6 Nxf3 39. Kxf3 Qxc5 40. Qe3 Qd6 41. Kg2 Rcc2 42. Qf3 Qe6 43. Nb4 Rcb2 44. Nxa2 Rxa2 45. e3 Ra3 46. Rd2 Kg7 47. Rf2 Ra4 48. Kh2 Qe7 49. Kg2 Ra3 50. Kh2 Ra6 51. Kg2 Rd6 52. Qe2 Qd7 53. Qc4 Qe7 54. Qc5 Qe6 55. Qc3 Rd7 56. Qc5 Re7 57. Qd5 f6 58. Rd2 Qg4 59. Rf2 Qd7 60. Rd2 Qg4 61. Rf2 Rd7 62. Qc6 Rf7 63. Rf3 g5 64. hxg5 Qxg5 65. Qe6 Qg4 66. Qxg4+ hxg4 67. Rf1 Rd7 68. Rf2 Rd3 69. Re2 Kg6 70. Kf2 Ra3 71. Rb2 Ra4 72. Ke2 Rxe4 73. Kf2 Ra4 74. Ke2 Kf5 75. Rb6 Kg5 76. Kf2 Ra2+ 77. Kf1 Rd2 78. Ra6 Kf5 79. Rb6 Kg5 80. Ra6 Rb2 81. Rc6 f5 82. Re6 Rb5 83. Kf2 Rb2+ 84. Kf1 e4 85. Rd6 Rb7 86. Re6 Rh7 87. Kg1 Rh6 88. Re8 Rd6 89. Kf2 Kf6 90. Rf8+ Ke5 91. Re8+ Kd5 92. Rf8 Ke5 93. Re8+ Re6 94. Rf8 Ra6 95. Re8+ Kd5 96. Rf8 Kc4 97. Rxf5 Ra2+ 98. Kf1 Kd3 99. Rf4 Kxe3 100. Rxg4 Kd3 101. Rg8 Ra1+ 102. Kg2 e3 103. Rd8+ Kc2 104. Kf3 Ra3 105. g4 Rd3 106. Re8 Kd2 107. g5 Rd7 108. g6 Rg7 109. Rxe3 Rxg6 110. Re5 Kd3 111. Kf4 Kd4 112. Rf5 Re6 113. Rf8 Kd5 114. Kg5 Re1 115. Rf5+ Ke6 116. Rf2 Rg1+ 117. Kf4 Rg8 118. Kf3 Kf5 119. Ke3+ Ke5 120. Ra2 Rg3+ 121. Kf2 Rh3 122. Ra8 Rh2+ 123. Kg1 Rb2 124. Kf1 Ke4 125. Re8+ Kf3 126. Rf8+ Ke3 127. Re8+ Kf4 128. Rf8+ Ke5 129. Re8+ Kf6 130. Re2 Rb1+ 131. Kf2 Rb4 132. Kf3 Kg5 133. Re5+ Kf6 134. Re4 Rb3+ 135. Re3 Rb1 136. Ra3 Kf5 137. Ke2 Rb2+ 138. Kd1 Rh2 139. Ra5+ Ke4 140. Ra8 Ke3 141. Re8+ Kd3 142. Rd8+ Kc4 143. Rc8+ Kd5 144. Rd8+ Kc6 145. Rc8+ Kd7 146. Rc2 Rh1+ 147. Kd2 Rh3 148. Kd1 Ke6 149. Rc8 Kd5 150. Rd8+ Kc4 151. Rc8+ Kd4 152. Rd8+ Ke5 153. Re8+ Kf6 154. Re2 Rd3+ 155. Kc2 Ra3 156. Re8 Ra7 157. Rf8+ Ke7 158. Rh8 Rc7+ 159. Kd3 Rc5 1/2-1/2


[Site "https://www.chess.com"]

[Event "Titled Tuesday Blitz March 07 Early 2023"]
[White "Fikiet, Alex"]
[Black "Manukyan, Sargis V."]
[WhiteFideId "2052717"]
[BlackFideId "13303465"]
[WhiteElo "2432"]
[BlackElo "2236"]
[Result "0-1"]
[Round "07"]
[TimeControl "180+2"]
[Date "2023.03.07"]
[WhiteClock "0:00:12"]
[BlackClock "0:01:15"]

1. e4 c5 2. Nf3 Nc6 3. Bb5 g6 4. Bxc6 dxc6 5. d3 Bg7 6. h3 Nf6 7. Nc3 Nd7 8. Be3 e5 9. Qd2 h6 10. a3 b6 11. O-O Nf8 12. b4 cxb4 13. axb4 Ne6 14. b5 Bb7 15. bxc6 Bxc6 16. Ra2 Nd4 17. Nh2 h5 18. f4 exf4 19. Bxf4 O-O 20. Bh6 Bxh6 21. Qxh6 Ne6 22. Qd2 Qg5 23. Qf2 Qc5 24. Qxc5 Nxc5 25. Nf3 Rfe8 26. Nd4 Bd7 27. Rfa1 a6 28. Nd5 Reb8 29. Nc7 Ra7 30. Nxa6 Rba8 31. Nb4 Rxa2 32. Rxa2 Rd8 33. Nd5 Be6 34. Nxe6 fxe6 35. Ne3 b5 36. Rb2 Rb8 37. Rb4 Na6 38. Rd4 Kf7 39. Rd6 Nb4 40. Kf2 Ke7 41. Rd4 Nc6 0-1


[Site "https://www.chess.com"]

[Event "Titled Tuesday Blitz March 07 Early 2023"]
[White "Petrova, Irina"]
[Black "Garv Gaur"]
[WhiteFideId "14124122"]
[BlackFideId "45030839"]
[WhiteElo "2084"]
[BlackElo "2068"]
[Result "1-0"]
[Round "07"]
[TimeControl "180+2"]
[Date "2023.03.07"]
[WhiteClock "0:00:51"]
[BlackClock "0:00:03"]

1. e4 c6 2. d4 d5 3. Nc3 g6 4. e5 Bg7 5. f4 h5 6. Nf3 Nh6 7. Bd3 Nf5 8. O-O c5 9. dxc5 Qa5 10. Bb5+ Bd7 11. Bxd7+ Nxd7 12. Qxd5 Nxc5 13. Ng5 O-O 14. e6 f6 15. Nge4 Rac8 16. Ng3 Nxg3 17. hxg3 Qb6 18. Kh2 Rfd8 19. Qf3 Nxe6 20. Nd5 Qd6 21. Rd1 Kf7 22. Be3 Qa6 23. f5 Nc5 24. fxg6+ Ke8 25. Bxc5 Rxc5 26. Qe4 Qd6 27. Nf4 Qxd1 28. Rxd1 Rxd1 29. Nxh5 Kf8 30. Nxg7 Kxg7 31. Qxe7+ Kxg6 32. Qxc5 1-0


[Site "https://www.chess.com"]

[Event "Titled Tuesday Blitz March 07 Early 2023"]
[White "Hoffmann, Asa"]
[Black "Risteski, Emil"]
[WhiteFideId "2001470"]
[BlackFideId "15005267"]
[WhiteElo "2117"]
[BlackElo "2251"]
[Result "0-1"]
[Round "07"]
[TimeControl "180+2"]
[Date "2023.03.07"]
[WhiteClock "0:00:35"]
[BlackClock "0:01:08"]

1. d4 d6 2. e4 Nf6 3. f3 e5 4. Ne2 c6 5. Nbc3 Be7 6. Be3 h5 7. Qd2 b5 8. a3 a5 9. g3 Bb7 10. Bh3 O-O 11. O-O Nbd7 12. Rad1 exd4 13. Nxd4 b4 14. axb4 axb4 15. Nce2 d5 16. Bxd7 Qxd7 17. e5 Ne8 18. f4 c5 19. Nf3 d4 20. Kg2 h4 21. Bg1 h3+ 22. Kf2 Qg4 23. Ng5 Bxg5 24. fxg5 Nc7 25. Qf4 Qe6 26. Ke1 Nd5 27. Qf5 g6 28. Qxe6 fxe6 29. Nf4 Nxf4 30. gxf4 Ra2 31. c3 Rxb2 32. cxd4 c4 33. Rf2 Rxf2 34. Bxf2 Ra8 35. Rb1 b3 36. Be3 Ra2 37. Bd2 Be4 38. Rc1 b2 0-1


[Site "https://www.chess.com"]

[Event "Titled Tuesday Blitz March 07 Early 2023"]
[White "Sovetov, Oleksandr"]
[Black "Koridze, Lile"]
[WhiteFideId "34105786"]
[BlackFideId "13612514"]
[WhiteElo "2534"]
[BlackElo "2047"]
[Result "1-0"]
[Round "07"]
[TimeControl "180+2"]
[Date "2023.03.07"]
[WhiteClock "0:01:14"]
[BlackClock "0:02:10"]

1. Nf3 Nf6 2. c4 e6 3. g3 d5 4. Bg2 Be7 5. O-O O-O 6. b3 c5 7. Bb2 d4 8. e3 Nc6 9. exd4 cxd4 10. Re1 a5 11. Na3 Bc5 12. Nb5 Qb6 13. d3 Bd7 14. Ne5 Nxe5 15. Rxe5 Bxb5 16. cxb5 Qxb5 17. Bxd4 Rac8 18. Rg5 Ne8 19. Qg4 f5 20. Rxg7+ Kh8 21. Rg8# 1-0


[Site "https://www.chess.com"]

[Event "Titled Tuesday Blitz March 07 Early 2023"]
[White "Migot, Tangi"]
[Black "Zherebtsova, Alexandra"]
[WhiteFideId "662445"]
[BlackFideId "24129518"]
[WhiteElo "2533"]
[BlackElo "2055"]
[Result "1-0"]
[Round "07"]
[TimeControl "180+2"]
[Date "2023.03.07"]
[WhiteClock "0:00:28"]
[BlackClock "0:00:45"]

1. Nf3 d5 2. d4 Nf6 3. c4 e6 4. Nc3 Be7 5. Bg5 O-O 6. e3 h6 7. Bxf6 Bxf6 8. cxd5 exd5 9. Qb3 c6 10. Be2 Qb6 11. Nd2 Bf5 12. O-O Nd7 13. Rfc1 Rfe8 14. Na4 Qa5 15. Nc3 Qb6 16. Kf1 Rab8 17. h3 Qc7 18. Nf3 Qb6 19. Na4 Qxb3 20. axb3 Be7 21. Nc5 Nxc5 22. dxc5 a6 23. Nd4 Bg6 24. b4 Bf6 25. Rd1 Re7 26. Ra3 Rbe8 27. Bf3 Bh7 28. Be2 g5 29. Bd3 Bxd3+ 30. Rdxd3 Bxd4 31. Rxd4 Re4 32. Rad3 R4e5 33. Ke2 f5 34. f4 Kg7 35. fxe5 1-0


[Site "https://www.chess.com"]

[Event "Titled Tuesday Blitz March 07 Early 2023"]
[White "Gontcharov, Vladislav"]
[Black "Foerster-Yialamas, Lucas"]
[WhiteFideId "4123492"]
[BlackFideId "30901774"]
[WhiteElo "2470"]
[BlackElo "2067"]
[Result "1-0"]
[Round "07"]
[TimeControl "180+2"]
[Date "2023.03.07"]
[WhiteClock "0:00:50"]
[BlackClock "0:00:40"]

1. d4 d5 2. c4 e6 3. Nc3 Nf6 4. Bg5 Bb4 5. Nf3 h6 6. Bxf6 Qxf6 7. e3 O-O 8. Be2 c5 9. cxd5 exd5 10. O-O Bxc3 11. bxc3 cxd4 12. cxd4 Nc6 13. Rb1 Rb8 14. Rb5 Rd8 15. Nd2 a6 16. Rc5 b6 17. Rc3 b5 18. Bf3 Na5 19. Rc5 Bb7 20. a4 Bc6 21. axb5 Bxb5 22. Re1 Qe6 23. Qa1 Nc4 24. Nb3 Rd7 25. h3 a5 26. Nxa5 Ra7 27. Bxd5 Rxa5 28. Qxa5 Nxa5 29. Bxe6 fxe6 30. Rb1 1-0


[Site "https://www.chess.com"]

[Event "Titled Tuesday Blitz March 07 Early 2023"]
[White "Zarnicki, Pablo"]
[Black "Miszler, Levente"]
[WhiteFideId "100137"]
[BlackFideId "763276"]
[WhiteElo "2468"]
[BlackElo "2176"]
[Result "1-0"]
[Round "07"]
[TimeControl "180+2"]
[Date "2023.03.07"]
[WhiteClock "0:01:14"]
[BlackClock "0:00:08"]

1. e4 c6 2. d4 d5 3. Nc3 dxe4 4. Nxe4 Nf6 5. Nxf6+ exf6 6. Bc4 Bd6 7. Qe2+ Qe7 8. Qxe7+ Kxe7 9. Ne2 Be6 10. Bb3 Nd7 11. Bf4 Rhe8 12. O-O Nf8 13. Rfe1 Ng6 14. Bxd6+ Kxd6 15. c4 Re7 16. Nc3 Rae8 17. g3 Bf5 18. Rxe7 Rxe7 19. f3 Nf8 20. c5+ Kd7 21. Kf2 Be6 22. d5 cxd5 23. Nxd5 Bxd5 24. Bxd5 Kc7 25. b4 Ne6 26. Re1 f5 27. f4 Rd7 28. Bxe6 fxe6 29. Rxe6 Rd4 30. Re7+ Kc6 31. a3 Rd3 32. Rxg7 Rxa3 33. Rxh7 Rb3 34. h4 Rxb4 35. h5 Rb2+ 36. Kg1 Rb1+ 37. Kg2 Rb2+ 38. Kh3 Rb1 39. Kh4 a5 40. h6 a4 41. Rh8 Kxc5 42. Kg5 Kb4 43. Kxf5 a3 44. Ra8 Rh1 45. Kg6 Kb3 46. f5 a2 47. f6 a1=Q 48. Rxa1 Rxa1 49. h7 Rh1 50. f7 1-0


[Site "https://www.chess.com"]

[Event "Titled Tuesday Blitz March 07 Early 2023"]
[White "Markus, Robert"]
[Black "Reprintsev, Alexander"]
[WhiteFideId "921637"]
[BlackFideId "14100541"]
[WhiteElo "2623"]
[BlackElo "2229"]
[Result "1/2-1/2"]
[Round "07"]
[TimeControl "180+2"]
[Date "2023.03.07"]
[WhiteClock "0:00:15"]
[BlackClock "0:00:10"]

1. e4 e5 2. Nf3 Nc6 3. Bc4 Nf6 4. d3 h6 5. c3 d6 6. O-O a6 7. d4 Nxe4 8. dxe5 dxe5 9. Qxd8+ Nxd8 10. Nxe5 Bc5 11. b4 Be7 12. Re1 Bf5 13. f3 Nd6 14. Bb3 O-O 15. Nxf7 N8xf7 16. Rxe7 Rae8 17. Rxe8 Rxe8 18. Kf2 Bd3 19. Bd1 Nc4 20. Na3 Nfd6 21. Nxc4 Nxc4 22. Bf4 c6 23. h4 Kf8 24. a4 Nb2 25. Bb3 Re2+ 26. Kg3 h5 27. Ra2 g6 28. Bc1 Nc4 29. Rxe2 Bxe2 30. Kf4 Kf7 31. g4 Kf6 32. Bxc4 Bxc4 33. Be3 b5 34. Bd4+ Kf7 35. a5 Be2 36. Ke4 hxg4 37. fxg4 Bxg4 38. Ke5 Ke7 39. Bc5+ Kd7 40. Kf6 Bh5 41. Bd4 Kc7 42. Be5+ Kd7 43. Bf4 Kc8 44. Ke7 Kb7 45. Kd7 Bf3 46. Kd6 Be4 47. Bg5 Bd3 48. Ke5 Bc2 49. Kf6 Bb1 50. Be3 Bc2 51. Bc5 Bb1 52. Ke7 Bc2 53. Kd7 Bb1 54. Be7 Bc2 55. Bg5 Bb1 56. Kd6 1/2-1/2


[Site "https://www.chess.com"]

[Event "Titled Tuesday Blitz March 07 Early 2023"]
[White "Arencibia Monduy, Antonio"]
[Black "Osinovsky, Stepan"]
[WhiteFideId "3507939"]
[BlackFideId "4157354"]
[WhiteElo "2517"]
[BlackElo "2222"]
[Result "1-0"]
[Round "07"]
[TimeControl "180+2"]
[Date "2023.03.07"]
[WhiteClock "0:00:25"]
[BlackClock "0:00:01"]

1. e4 e5 2. Bc4 Nc6 3. d3 Nf6 4. Nf3 Bc5 5. c3 d6 6. Bb3 h6 7. a4 a5 8. Na3 O-O 9. Nc2 Kh8 10. Ne3 Nh5 11. O-O Nf4 12. d4 exd4 13. cxd4 Nxd4 14. Nxd4 Bxd4 15. Nd5 Nxd5 16. Qxd4 Nb4 17. Bxh6 f6 18. Be3 Qe7 19. Rfe1 Be6 20. Bd1 Rae8 21. Bd2 c5 22. Qe3 Bf7 23. Bxb4 axb4 24. Bc2 Qe5 25. Qc1 Re7 26. Bd3 Rfe8 27. Bb5 Rd8 28. Qd2 Kg8 29. Rad1 d5 30. exd5 Rxd5 31. Rxe5 Rxd2 32. Rxd2 Rxe5 33. Rd8+ Kh7 34. f3 1-0


[Site "https://www.chess.com"]

[Event "Titled Tuesday Blitz March 07 Early 2023"]
[White "Ansh M Shah"]
[Black "Lehtosaari, Mauri"]
[WhiteFideId "25033379"]
[BlackFideId "501999"]
[WhiteElo "2084"]
[BlackElo "2515"]
[Result "1-0"]
[Round "07"]
[TimeControl "180+2"]
[Date "2023.03.07"]
[WhiteClock "0:00:06"]
[BlackClock "0:00:01"]

1. d4 d5 2. c4 c6 3. cxd5 cxd5 4. Nc3 Nf6 5. Bf4 Nc6 6. e3 a6 7. Rc1 Bf5 8. Nf3 e6 9. Qb3 Ra7 10. Ne5 Nxe5 11. Bxe5 Nd7 12. Bg3 b5 13. Bxb5 axb5 14. Nxb5 Rb7 15. O-O Be7 16. Nd6+ Bxd6 17. Qxb7 Bxg3 18. Rc8 Bb8 19. Rfc1 Ke7 20. Rxd8 Rxd8 21. Rc8 Rxc8 22. Qxc8 Bd6 23. a3 Bd3 24. b4 Bb5 25. Qb7 Ba4 26. Qa7 Bb3 27. b5 Bb8 28. Qb7 Ba4 29. Qa6 Bb3 30. a4 Bc7 31. a5 Bc4 32. Qa7 Bb8 33. Qb7 Kd6 34. a6 Bc7 35. a7 Nb6 36. a8=Q Nxa8 37. Qxa8 Bxb5 38. Qf8+ Kc6 39. Qe8+ Kb6 40. Qxf7 Bd6 41. Qxe6 Kc6 42. Qc8+ Kb6 43. Qd8+ Kc6 44. Qe8+ Kb6 45. Qe6 Kc6 46. Qf7 g6 47. Qxh7 Bd3 48. h4 Bc7 49. h5 1-0


[Site "https://www.chess.com"]

[Event "Titled Tuesday Blitz March 07 Early 2023"]
[White "Saito, Vinicius"]
[Black "Osmak, Yuliia"]
[WhiteFideId "2113384"]
[BlackFideId "14101602"]
[WhiteElo "2152"]
[BlackElo "2271"]
[Result "1-0"]
[Round "07"]
[TimeControl "180+2"]
[Date "2023.03.07"]
[WhiteClock "0:00:17"]
[BlackClock "0:00:17"]

1. e4 d6 2. d4 Nf6 3. Nc3 e5 4. dxe5 dxe5 5. Qxd8+ Kxd8 6. Bg5 c6 7. O-O-O+ Kc7 8. f3 Be6 9. Be3 Nbd7 10. g3 Bc5 11. Bxc5 Nxc5 12. Bh3 h5 13. Bxe6 Nxe6 14. Nge2 h4 15. Kd2 Rad8+ 16. Ke3 Rxd1 17. Rxd1 hxg3 18. hxg3 Rh2 19. Rd2 Rh3 20. Kf2 Rh2+ 21. Kg1 Rh8 22. Kg2 b5 23. Nd1 g6 24. Ne3 a5 25. c3 a4 26. Nc2 Nc5 27. Nb4 Ne8 28. Nc2 Nd6 29. Ne3 f5 30. exf5 gxf5 31. Rd1 Rg8 32. Kf2 e4 33. Nf4 exf3 34. Kxf3 Nde4 35. Rg1 Ng5+ 36. Ke2 Nce4 37. Nxf5 Re8 38. Kd1 Nf3 39. Rg2 Nc5 40. Nd4 Re1+ 41. Kc2 1-0


[Site "https://www.chess.com"]

[Event "Titled Tuesday Blitz March 07 Early 2023"]
[White "Baches Garcia, Guillermo"]
[Black "Prudnykova, Olga"]
[WhiteFideId "2209764"]
[BlackFideId "14121093"]
[WhiteElo "2511"]
[BlackElo "2113"]
[Result "1-0"]
[Round "07"]
[TimeControl "180+2"]
[Date "2023.03.07"]
[WhiteClock "0:01:52"]
[BlackClock "0:01:13"]

1. e4 c5 2. Nc3 a6 3. g4 b5 4. Bg2 Bb7 5. d3 e6 6. Nh3 d6 7. O-O Nc6 8. f4 Qc7 9. f5 h6 10. fxe6 fxe6 11. Nf4 Nf6 12. Nxe6 Qd7 13. Nd5 Nxd5 14. exd5 Nd8 15. Qe2 Nxe6 16. dxe6 Qe7 17. Rf7 1-0


[Site "https://www.chess.com"]

[Event "Titled Tuesday Blitz March 07 Early 2023"]
[White "Harriott, Tyrell"]
[Black "Fernandez Garcia, Gumersindo"]
[WhiteFideId "2086484"]
[BlackFideId "24516740"]
[WhiteElo "2107"]
[BlackElo "2093"]
[Result "1/2-1/2"]
[Round "07"]
[TimeControl "180+2"]
[Date "2023.03.07"]
[WhiteClock "0:00:07"]
[BlackClock "0:00:03"]

1. d4 Nf6 2. e3 d6 3. Bd3 Nbd7 4. f4 e5 5. Ne2 e4 6. Bc4 d5 7. Bb3 a5 8. c4 c6 9. Nbc3 Nb6 10. c5 Nbd7 11. Na4 Be7 12. Bd2 h5 13. O-O h4 14. f5 h3 15. g3 Ng4 16. Nf4 Ndf6 17. Nb6 Ra6 18. Qe1 Nh5 19. Nxh5 Rxh5 20. Bd1 Rg5 21. Bxg4 Rxg4 22. Bxa5 Rg5 23. Nc4 Rxa5 24. Nxa5 Bxf5 25. Nb3 Qd7 26. Rf4 Bd8 27. Nd2 Bc7 28. Rf1 g6 29. Qf2 Qc8 30. b4 Qb8 31. Kh1 b5 32. a4 bxa4 33. Rxa4 Kf8 34. Qe2 Kg7 35. Rg1 Bg4 36. Qa6 Rf5 37. Rf1 Bxg3 38. Rxf5 gxf5 39. hxg3 Qxg3 40. Qf1 Qxe3 41. Ra2 Qxd4 42. Qf4 Qf6 43. Nf1 Qc3 44. Qg5+ Kh7 45. Qh4+ Kg6 46. Qf2 Qc4 47. Rb2 Bf3+ 48. Kh2 Bg4 49. Ne3 Qd3 50. Nxg4 fxg4 51. Qg3 Qd1 52. Rf2 f5 53. Qf4 g3+ 54. Qxg3+ Qg4 55. Qd6+ Kg5 56. Qg3 d4 57. Rf1 f4 58. Qxg4+ Kxg4 59. Rg1+ Kf3 60. Rg6 e3 61. Rxc6 d3 62. Re6 d2 63. Rd6 Ke2 64. c6 d1=Q 65. Rxd1 Kxd1 66. c7 e2 67. c8=Q e1=Q 68. Qd7+ Kc2 69. Qc6+ Kb3 70. Qf3+ Kxb4 71. Qxf4+ Kc5 72. Qf5+ Kd4 73. Kxh3 Qh1+ 74. Kg4 Qg2+ 75. Kf4 Qf2+ 76. Kg5 Qe2 77. Kf6 Kc4 78. Kg5 Qg2+ 79. Kf6 Qc6+ 80. Kg5 Kd4 81. Qf4+ Qe4 82. Kg4 Qxf4+ 83. Kxf4 1/2-1/2


[Site "https://www.chess.com"]